 Dungeon Crawl Stone Soup version 0.28.0-43-g3370ac3207 (webtiles) character file.

Game seed: 17498398329815685918

4995 fknight the Spear-Bearer (level 10, -12/83 HPs)
             Began as a Gnoll Berserker on Mar 8, 2022.
             Was an Elder of Trog.
             Mangled by a boulder beetle (15 damage)
             ... on level 7 of the Dungeon.
             The game lasted 00:30:48 (8956 turns).

fknight the Spear-Bearer (Gnoll Berserker)          Turns: 8956, Time: 00:30:49

Health: -12/83     AC: 17    Str: 18    XL:     10   Next: 54%
Magic:  19/19      EV: 13    Int: 12    God:    Trog [****..]
Gold:   446        SH:  0    Dex: 15    Spells: 21/21 levels left

rFire   + + .      SeeInvis +   a - +4 spear (chaos)
rCold   . . .      Faith    +   (no shield)
rNeg    + + .      Spirit   .   m - +6 scale mail {rF+}
rPois   .          Reflect  .   g - +1 helmet of Depression {rElec rF+ rN+ SInv}
rElec   +          Harm     .   q - +0 cloak
rCorr   .          Rampage  .   (no gloves)
Will    .....                   (no boots)
Stlth   ++........              n - amulet of faith
HPRegen 0.23/turn               c - +6 ring of intelligence
MPRegen 0.16/turn               x - ring of positive energy

@: on berserk cooldown, slowed, very slow
A: fangs 1, strong nose, distributed training
a: Renounce Religion, Berserk, Trog's Hand, Brothers in Arms


You were on level 7 of the Dungeon.
You worshipped Trog.
Trog was greatly pleased with you.
You visited 1 branch of the dungeon, and saw 8 of its levels.
You also visited: Sewer.

You collected 446 gold pieces.

Inventory:

Hand Weapons
 a - a +4 spear of chaos (weapon)
 h - a +0 hunting sling
 j - a +0 scythe
 o - a +1 dagger of venom
 p - a +2 quarterstaff of chaos
 r - a +1 mace of holy wrath
 v - a +0 dagger of venom
 B - a +0 dagger of venom
 H - a +3 flail
 J - a +3 dagger
 M - a +2 short sword of holy wrath
 N - a +2 dagger of venom
 O - a +2 short sword of venom
 P - a +1 vorpal long sword
Missiles
 b - 219 stones (quivered)
 e - 22 poisoned darts
 y - 8 boomerangs
Armour
 g - the +1 helmet of Depression (worn) {rElec rF+ rN+ SInv}
   (You acquired it on level 5 of the Dungeon)

   rF:        It protects you from fire.
   rElec:     It insulates you from electricity.
   rN:        It protects you from negative energy.
   SInv:      It lets you see invisible.
 m - a +6 scale mail of fire resistance (worn)
 q - a +0 cloak (worn)
Jewellery
 c - a +6 ring of intelligence (left hand)
 l - an amulet of reflection
 n - an amulet of faith (around neck)
 s - an amulet of regeneration
 x - a ring of positive energy (right hand)
Wands
 t - a wand of polymorph (2)
 z - a wand of iceblast (10)
 D - a wand of charming (19)
 E - a wand of mindburst (9)
 L - a wand of paralysis (5)
 Q - a wand of flame (25)
Scrolls
 d - 2 scrolls of noise
 k - 3 scrolls of teleportation
 u - 2 scrolls of magic mapping
 w - a scroll of immolation
 S - a scroll of torment {unknown}
Potions
 f - a potion of degeneration
 i - a potion of berserk rage
 A - a potion of ambrosia
 C - a potion of haste {unknown}
 F - a potion of heal wounds {unknown}
 G - a potion of magic {unknown}
 I - 2 potions of curing {unknown}
 K - 2 potions of lignification
 R - a potion of resistance {unknown}


   Skills:
 + Level 9.1 Fighting
 + Level 6.1 Short Blades
 + Level 6.1 Long Blades
 + Level 6.1 Axes
 + Level 6.1 Maces & Flails
 + Level 9.1 Polearms
 + Level 6.1 Staves
 + Level 6.1 Slings
 + Level 6.1 Bows
 + Level 6.1 Crossbows
 + Level 6.1 Throwing
 + Level 7.7 Armour
 + Level 7.7 Dodging
 + Level 6.1 Stealth
 + Level 6.1 Shields
 + Level 6.1 Unarmed Combat
 + Level 6.1 Spellcasting
 + Level 5.1 Conjurations
 + Level 5.1 Hexes
 + Level 5.1 Summonings
 + Level 5.1 Necromancy
 + Level 5.1 Translocations
 + Level 5.1 Transmutations
 + Level 5.1 Fire Magic
 + Level 5.1 Ice Magic
 + Level 5.1 Air Magic
 + Level 5.1 Earth Magic
 + Level 5.1 Poison Magic
 + Level 6.7 Invocations
 + Level 6.1 Evocations


You had 21 spell levels left.
You didn't know any spells.
Your spell library was empty.

Dungeon Overview and Level Annotations

Branches:
Dungeon (8/15)             Temple (0/1) D:4           Sewer (visited)
   Lair: D:8-11

Altars:
Fedhas
Zin


Innate Abilities, Weirdness & Mutations

You have very sharp teeth.
Your uncanny sense of smell can sniff out nearby items.
Your experience applies equally to all skills.


Message History

a +0 giant club; an ogre corpse You hit the boulder beetle but do no damage.
You bite the boulder beetle, but do no damage.
The boulder beetle is lightly wounded.
The boulder beetle closely misses you.
You puncture the boulder beetle!
The boulder beetle is lightly wounded.
You hit the boulder beetle but do no damage.
The boulder beetle is poisoned.
The boulder beetle is lightly wounded.
The boulder beetle leaps!
You hit the boulder beetle.
Nothing appears to happen.
The boulder beetle is moderately wounded.
You hit the boulder beetle.
Space warps around the boulder beetle.
The boulder beetle is heavily wounded.
The boulder beetle bites you!! x2
Aiming: Polymorph
Press: ? - help, Q - select action, (/) - cycle Shift-Dir - straight line, f/p - boulder beetle
Aim: a boulder beetle (heavily wounded, strong, poisoned, will become a jorogumo, a spark wasp, or a wolf spider, chance to affect: 47%)
The boulder beetle resists with some effort.
The boulder beetle bites you!!
* * * LOW HITPOINT WARNING * * *
You're still recovering from your berserk rage.
You hit the boulder beetle but do no damage.
You punch the boulder beetle, but do no damage.
The boulder beetle is heavily wounded.
The boulder beetle bites you!
* * * LOW HITPOINT WARNING * * *
You hit the boulder beetle but do no damage.
You punch the boulder beetle.
The boulder beetle is heavily wounded.
The boulder beetle leaps!
You hit the boulder beetle but do no damage.
The boulder beetle is heavily wounded.
The boulder beetle closely misses you.
You hit the boulder beetle but do no damage.
You bite the boulder beetle, but do no damage.
The boulder beetle is heavily wounded.
The boulder beetle looks more healthy.
The boulder beetle bites you!
You die...

.#.#...#...###...###
..###..##.##.......#
##.#...##.##.......#
...................#
##...†....##.....###
#.##..#####.....#
...##..# #..#.##
#####.........#.###
#.#######.#B@.# #.#
#.###°# #.# #.# #.#
#.# #)# #)#######
#.# #.###...B...#
#.# #..$.....##.#
......O#####.#
####... .# ..B.. #


You could see a boulder beetle (strong).

Vanquished Creatures
  A two-headed ogre (D:8)
  A wind drake (shapeshifter) (D:8)
  The ghost of tizbic2 the Archer, an amateur DEHu (D:5)
  A wraith (D:5)
  Sigmund (D:4)
  A steam dragon (D:7)
  2 vampire mosquitoes (D:8)
  Duvessa (D:7)
  A water moccasin (D:6)
  An ice beast (D:6)
  An orc warrior (D:8)
  A sky beast (D:7)
  3 ogres
  A centaur (D:6)
  4 kobold brigands
  A bullfrog (D:6)
  4 scorpions
  2 water moccasin zombies (D:5)
  Dowan (D:7)
  A wight (D:4)
  2 howler monkeys (D:4)
  2 bullfrog zombies (D:5)
  A jelly (D:4)
  2 orc priests (D:6)
  2 centaur skeletons
  A hound (D:5)
  Crazy Yiuf (D:2)
  A bullfrog skeleton (D:5)
  A gnoll shaman (D:5)
  Terence (D:2)
  2 iguanas
  Natasha (thrice) (D:3)
  3 orc wizards (D:6)
  Robin (D:3)
  4 gnolls
  8 adders
  5 river rats
  A white imp (D:5)
  An ufetubus (D:5)
  An adder skeleton (D:4)
  6 worms
  4 dart slugs
  13 orcs
  13 ball pythons
  12 bats
  9 endoplasms
  5 giant cockroaches
  9 hobgoblins
  2 jackals (D:3)
  2 frilled lizards
  16 goblins
  17 kobolds
  A quokka skeleton (D:4)
  13 rats
195 creatures vanquished.

Vanquished Creatures (collateral kills)
  A bullfrog skeleton (D:4)
1 creature vanquished.

Vanquished Creatures (others)
  Grinder (D:6)
  A scorpion (D:6)
  A plant (D:2)
3 creatures vanquished.

Grand Total: 199 creatures vanquished

Notes
Turn   | Place    | Note
-------+----------+-------------------------------------------
     0 | D:1      | fknight the Gnoll Berserker began the quest for the Orb.
     0 | D:1      | Reached XP level 1. HP: 23/23 MP: 1/1
    12 | D:1      | Reached XP level 2. HP: 24/29 MP: 2/2
   313 | D:1      | Reached XP level 3. HP: 35/35 MP: 3/3
   760 | D:1      | Reached ** piety under Trog
   761 | D:1      | Reached skill level 1 in Invocations
   952 | D:2      | Found a runed translucent door.
   953 | D:2      | Noticed Crazy Yiuf
  1059 | D:2      | Reached skill level 1 in Short Blades
  1059 | D:2      | Reached skill level 1 in Long Blades
  1059 | D:2      | Reached skill level 1 in Axes
  1059 | D:2      | Reached skill level 1 in Maces & Flails
  1059 | D:2      | Reached skill level 1 in Staves
  1059 | D:2      | Reached skill level 1 in Slings
  1059 | D:2      | Reached skill level 1 in Bows
  1059 | D:2      | Reached skill level 1 in Crossbows
  1059 | D:2      | Reached skill level 1 in Throwing
  1059 | D:2      | Reached skill level 1 in Stealth
  1059 | D:2      | Reached skill level 1 in Shields
  1059 | D:2      | Reached skill level 1 in Unarmed Combat
  1059 | D:2      | Reached skill level 1 in Spellcasting
  1059 | D:2      | Reached skill level 1 in Evocations
  1129 | D:2      | Noticed Terence
  1143 | D:2      | Killed Terence
  1144 | D:2      | Reached XP level 4. HP: 41/41 MP: 5/5
  1373 | D:2      | Found a faded altar of an unknown god.
  1647 | D:2      | Reached skill level 1 in Conjurations
  1647 | D:2      | Reached skill level 1 in Hexes
  1647 | D:2      | Reached skill level 1 in Summonings
  1647 | D:2      | Reached skill level 1 in Necromancy
  1647 | D:2      | Reached skill level 1 in Translocations
  1647 | D:2      | Reached skill level 1 in Transmutations
  1647 | D:2      | Reached skill level 1 in Fire Magic
  1647 | D:2      | Reached skill level 1 in Ice Magic
  1647 | D:2      | Reached skill level 1 in Air Magic
  1647 | D:2      | Reached skill level 1 in Earth Magic
  1647 | D:2      | Reached skill level 1 in Poison Magic
  1823 | D:2      | Killed Crazy Yiuf
  1824 | D:2      | Reached XP level 5. HP: 47/47 MP: 6/6
  2003 | D:3      | Noticed Natasha
  2009 | D:3      | Killed Natasha
  2039 | D:3      | Noticed Natasha
  2040 | D:3      | Noticed Robin
  2054 | D:3      | Killed Natasha
  2063 | D:3      | Killed Robin
  2067 | D:3      | Noticed Natasha
  2080 | D:3      | Killed Natasha
  2084 | D:3      | Reached XP level 6. HP: 28/53 MP: 8/8
  2465 | D:3      | Reached *** piety under Trog
  2604 | D:3      | Found a glowing silver altar of Zin.
  2605 | D:3      | Found a blossoming altar of Fedhas.
  3268 | D:4      | Reached skill level 5 in Armour
  3268 | D:4      | Reached skill level 5 in Dodging
  3273 | D:4      | Found a glowing drain.
  3290 | Sewer    | Entered a sewer
  3651 | Sewer    | Reached XP level 7. HP: 46/59 MP: 10/10
  4209 | Sewer    | Reached **** piety under Trog
  4562 | D:4      | Noticed Sigmund
  4575 | D:4      | Killed Sigmund
  4611 | D:4      | Reached XP level 8. HP: 64/67 MP: 12/12
  4625 | D:4      | Found a staircase to the Ecumenical Temple.
  4835 | D:4      | Reached skill level 5 in Short Blades
  4835 | D:4      | Reached skill level 5 in Long Blades
  4835 | D:4      | Reached skill level 5 in Axes
  4835 | D:4      | Reached skill level 5 in Maces & Flails
  4835 | D:4      | Reached skill level 5 in Staves
  4835 | D:4      | Reached skill level 5 in Slings
  4835 | D:4      | Reached skill level 5 in Bows
  4835 | D:4      | Reached skill level 5 in Crossbows
  4835 | D:4      | Reached skill level 5 in Throwing
  4835 | D:4      | Reached skill level 5 in Stealth
  4835 | D:4      | Reached skill level 5 in Shields
  4835 | D:4      | Reached skill level 5 in Unarmed Combat
  4835 | D:4      | Reached skill level 5 in Spellcasting
  4835 | D:4      | Reached skill level 5 in Invocations
  4835 | D:4      | Reached skill level 5 in Evocations
  4835 | D:4      | Reached XP level 9. HP: 75/75 MP: 12/17
  5419 | D:5      | Entered Level 5 of the Dungeon
  5420 | D:5      | Identified a scroll of acquirement
  5420 | D:5      | Acquired the +1 helmet of Depression {rElec rF+ rN+ SInv}
  6048 | D:5      | Found a transporter.
  6070 | D:5      | Identified the +0 helmet of Taecytio {Int+2}
  6094 | D:5      | Noticed tizbic2's ghost (amateur DEHu)
  6535 | D:5      | Killed tizbic2's ghost
  6583 | D:5      | Found a transporter.
  7028 | D:6      | You fall into a shaft and drop 2 floors!
  7131 | D:8      | Noticed a polar bear
  7131 | D:8      | a shapeshifter changed into a polar bear
  7134 | D:8      | a polar bear changed into a jumping spider
  7151 | D:8      | Noticed a wind drake
  7152 | D:8      | Noticed a two-headed ogre
  7159 | D:8      | Killed a wind drake
  7160 | D:8      | Reached XP level 10. HP: 39/82 MP: 18/18
  7166 | D:8      | Killed a two-headed ogre
  7167 | D:8      | Reached skill level 5 in Conjurations
  7167 | D:8      | Reached skill level 5 in Hexes
  7167 | D:8      | Reached skill level 5 in Summonings
  7167 | D:8      | Reached skill level 5 in Necromancy
  7167 | D:8      | Reached skill level 5 in Translocations
  7167 | D:8      | Reached skill level 5 in Transmutations
  7167 | D:8      | Reached skill level 5 in Fire Magic
  7167 | D:8      | Reached skill level 5 in Ice Magic
  7167 | D:8      | Reached skill level 5 in Air Magic
  7167 | D:8      | Reached skill level 5 in Earth Magic
  7167 | D:8      | Reached skill level 5 in Poison Magic
  7643 | D:7      | Noticed Dowan
  7644 | D:7      | Noticed Duvessa
  7651 | D:7      | Killed Duvessa
  7656 | D:7      | Killed Dowan
  8256 | D:6      | Killed Grinder
  8908 | D:7      | Noticed a boulder beetle
  8953 | D:7      | HP: 3/83 [boulder beetle (9)]
  8956 | D:7      | Mangled by a boulder beetle

Illustrated notes

Levels and vault maps discovered:
D:1:      mrwooster_arrival_statue, layout_basic
D:2:      layout_rooms, serial_forest, infiniplex_forest_end_2,
          infiniplex_forest_clump_curved, infiniplex_forest_zigzag_1,
          infiniplex_forest_diagonal, infiniplex_forest_clump_large,
          infiniplex_forest_straight_4, shapermc_ecumenical_altar_totnotflames,
          minmay_misc_feat_plants, uniq_crazy_yiuf_cottage, uniq_terence
D:3:      layout_basic, amethyst_overflow_temple_binary, uniq_natasha,
          uniq_robin
D:4:      layout_basic, temple_fountains, portal_sewer_entry_e,
          minmay_manual_macuahuitl, uniq_sigmund
D:5:      layout_loops_ring, gammafunk_ghost_mausoleum
D:6:      layout_cave_pods, uniq_grinder
D:7:      layout_loops_ring, serial_shops, kennysheep_mini, uniq_maggie,
          uniq_duvessa
D:8:      layout_loops_ring, mainiacjoe_overflow_brackets

Skill      XL: |  1  2  3  4  5  6  7  8  9 10 |
---------------+-------------------------------+-----
Invocations    | 1 2 3 5 6 |  6.7
Short Blades   | 1 2 5 6 |  6.1
Long Blades    | 1 2 5 6 |  6.1
Axes           | 1 2 5 6 |  6.1
Maces & Flails | 1 2 5 6 |  6.1
Staves         | 1 2 5 6 |  6.1
Slings         | 1 2 5 6 |  6.1
Bows           | 1 2 5 6 |  6.1
Crossbows      | 1 2 5 6 |  6.1
Throwing       | 1 2 5 6 |  6.1
Stealth        | 1 2 5 6 |  6.1
Shields        | 1 2 5 6 |  6.1
Unarmed Combat | 1 2 5 6 |  6.1
Spellcasting   | 1 2 5 6 |  6.1
Evocations     | 1 2 5 6 |  6.1
Conjurations   | 1 2 4 5 |  5.1
Hexes          | 1 2 4 5 |  5.1
Summonings     | 1 2 4 5 |  5.1
Necromancy     | 1 2 4 5 |  5.1
Translocations | 1 2 4 5 |  5.1
Transmutations | 1 2 4 5 |  5.1
Fire Magic     | 1 2 4 5 |  5.1
Ice Magic      | 1 2 4 5 |  5.1
Air Magic      | 1 2 4 5 |  5.1
Earth Magic    | 1 2 4 5 |  5.1
Poison Magic   | 1 2 4 5 |  5.1
Armour         | 5 7 |  7.7
Dodging        | 5 7 |  7.7
Fighting       | 7 8 9 |  9.1
Polearms       | 7 8 9 |  9.1

Action                   |  1- 3 |  4- 6 |  7- 9 | 10-12 || total
-------------------------+-------+-------+-------+-------++-------
Melee: Spear             |   127 |   184 |   370 |   124 ||   805
       Bite              |     8 |    18 |    38 |    15 ||    79
       Punch             |     1 |     1 |    13 |     7 ||    22
Throw: Stone             |       |     6 |    11 |     9 ||    26
Invok: Berserk           |     1 |     2 |     4 |     3 ||    10
       Trog's Hand       |       |     2 |     1 |     2 ||     5
Evoke: Wand              |       |       |       |     1 ||     1
  Use: Scroll            |       |    10 |    10 |     3 ||    23
       Potion            |       |       |     1 |       ||     1
 Stab: Sleeping          |       |       |     7 |     1 ||     8
       Confused          |       |       |     5 |     1 ||     6
       Distracted        |       |       |     2 |       ||     2
Armor: Animal skin       |     1 |       |       |       ||     1
       Ring mail         |    29 |       |       |       ||    29
       Scale mail        |       |    88 |   111 |    23 ||   222
Dodge: Dodged            |    51 |    80 |   120 |    44 ||   295
Block: Other             |       |     3 |       |       ||     3
